 Dungeon Crawl Stone Soup version 0.31-a0-876-gfe8ebadbca (webtiles) character file.

Game seed: 15501710963458189223

29 Naiya55 the Chiller (level 3, -1/28 HPs)
             Began as a Naga Ice Elementalist on Oct 13, 2023.
             Slain by a goblin
             ... wielding a +0 dagger
             ... led by Robin
              (6 damage)
             ... on level 2 of the Dungeon.
             The game lasted 00:02:05 (1369 turns).

Naiya55 the Chiller (Naga Ice Elementalist)         Turns: 1369, Time: 00:02:05

Health: -1/28      AC:  2    Str: 10    XL:     3   Next: 16%
Magic:  6/6        EV:  9    Int: 17    God:
Gold:   131        SH:  0    Dex: 11    Spells: 5/6 levels left

rFire   x . .        o - +2 dagger (venom)
rCold   + . .        (no shield)
rNeg    . . .        a - +0 robe
rPois   +            (no helmet)
rElec   .            (no cloak)
rCorr   .            (no gloves)
SInv    +            (no barding)
Will    .....        (no amulet)
Stlth   ++           d - ring of ice
HPRegen 0.24/turn    (no ring)
MPRegen 0.10/turn

%: no passive effects
@: very slow
A: AC +1, large, see invisible, deformed body, poison resistance, slowness 2,
spit poison 1, naga tail 1
a: Spit Poison


You were on level 2 of the Dungeon.
You visited 1 branch of the dungeon, and saw 2 of its levels.

You collected 131 gold pieces.

Inventory:

Hand Weapons
 o - a +2 dagger of venom (weapon)
Armour
 a - a +0 robe (worn)
Jewellery
 d - a ring of ice (left hand)
Scrolls
 e - a scroll of poison {unknown}
 g - a scroll of teleportation {unknown}
 h - a scroll of identify {unknown}
 i - a scroll of brand weapon {unknown}
 l - a scroll of vulnerability {unknown}
 m - a scroll of acquirement {unknown}
Potions
 b - 2 potions of magic
 c - 4 potions of curing {unknown}
 f - a potion of invisibility {unknown}
 j - a potion of attraction {unknown}
 k - a potion of lignification {unknown}
 n - a potion of resistance {unknown}
 p - a potion of heal wounds {unknown}
 q - 2 potions of degeneration {unknown}


   Skills:
 - Level 1.5 Dodging
 - Level 3.0 Stealth
 - Level 2.0 Spellcasting
 + Level 5.0 Ice Magic


You had 5 spell levels left.
You knew the following spells:

 Your Spells              Type           Power      Damage    Failure   Level
a - Freeze                Ice            100%       1d10      2%          1

Your spell library contained the following spells:

 Spells                   Type           Power      Damage    Failure   Level
 Frozen Ramparts          Ice            56%        1d9       8%          3
 Ozocubu's Armour         Ice            28%        N/A       8%          3
 Summon Ice Beast         Ice/Summ       15%        N/A       56%         4


Dungeon Overview and Level Annotations

Branches:
Dungeon (2/15)

Altars:

Annotations:
D:2 Robin


Innate Abilities, Weirdness & Mutations

Your serpentine skin is tough. (AC +1)
You have supernaturally acute eyesight. (SInv)
Armour fits poorly on your strangely shaped body.
Your system is resistant to poisons. (rPois)
You cover ground very slowly.
You can spit poison.
You have a snake-like lower body.


Message History

There is a stone staircase leading down here.
A goblin and a hobgoblin come into view.
There are monsters nearby!
Robin and a goblin come into view.
A hobgoblin and 2 goblins come into view.
Robin shouts!
The hobgoblin shouts!
The goblin shouts!
You hear a shout!
Robin throws the goblin at you!
A hobgoblin comes into view.
A goblin comes into view. It is wielding a +0 club.
Robin throws the goblin at you!
The goblin shouts!
You see here 2 murky dark potions.
q - 2 murky dark potions You hear a shout!
A goblin comes into view. It is wielding a +0 dagger.
The goblin closely misses you. The goblin hits you but does no damage.
Robin laughs in a distinctly smug fashion.
Robin throws the goblin at you!
A goblin comes into view. It is wielding a +0 dagger.
You hit the goblin.
The goblin is poisoned.
The goblin is moderately wounded.
You kill the goblin!
The goblin hits you with a +0 club. The goblin barely misses you.
Robin flexes a bicep menacingly.
Robin roars a battlecry!
The goblins go into a battle-frenzy!
The goblin closely misses you. The goblin attacks as it pursues you!
The goblin barely misses you.
Things that are here:
a +0 dagger; a goblin corpse The goblin closely misses you.
The goblin attacks as it pursues you! The goblin hits you with a +0 club.
Robin throws the goblin at you! The goblin attacks as it pursues you!
The goblin hits you with a +0 club. The goblin closely misses you.
The goblin hits you with a +0 club. The goblin hits you with a +0 club.
* * * LOW HITPOINT WARNING * * *
The goblin hits you with a +0 club.
* * * LOW HITPOINT WARNING * * *
Robin throws the goblin at you! The goblin hits you with a +0 dagger.
You die...

##.#
##.##.##....##
#.###..##.#|.####
##.)##.###...##
#.......##..##
#.......##..#
#.....)....##
#.......##.#
#.......##.#
#....g@.##.#
#....ggg##.#
#####
#...g>..##.#
##...##
###..g####.#
##.....## #..g#
#.# #.......#
#...# #.#
#.......# ##..#
#.# #.[...†.#
##g# #.#
##.....## .g# #.#
##.......


You could see Robin, a hobgoblin (strong) and 6 goblins.

Vanquished Creatures
  2 endoplasms (D:2)
  3 giant cockroaches (D:1)
  4 goblins
  2 hobgoblins
  3 jackals (D:1)
  A quokka (D:1)
  A ball python (D:1)
  A bat (D:1)
  3 frilled lizards
  3 kobolds
  3 rats
26 creatures vanquished.

Notes
Turn   | Place    | Note
-------+----------+-------------------------------------------
     0 | D:1      | Naiya55 the Naga Ice Elementalist began the quest for the
                  | Orb.
     0 | D:1      | Reached XP level 1. HP: 15/15 MP: 3/3
   227 | D:1      | Reached XP level 2. HP: 16/22 MP: 0/5
   882 | D:2      | Reached XP level 3. HP: 10/28 MP: 3/6
  1231 | D:2      | Reached skill level 5 in Ice Magic
  1361 | D:2      | Noticed Robin
  1369 | D:2      | Slain by a goblin

Illustrated notes

Levels and vault maps discovered:
D:1:      amcnicky_arrival_wind_blow, layout_loops_ring,
          minmay_misc_feat_pillars, serial_bayou_pond_b
D:2:      layout_rooms, minmay_misc_feat_rows, uniq_crazy_yiuf_cottage,
          uniq_robin

Skill      XL: |  1  2  3 |
---------------+----------+-----
Ice Magic      | 5 |  5.0
Dodging        | |  1.5
Stealth        | |  3.0
Spellcasting   | |  2.0

Action                     || total
---------------------------++-------
  Melee: Unarmed           ||    10
         Short sword       ||    23
         Dagger            ||    14
   Cast: Freeze            ||    13
Ability: Spit Poison       ||     1
   Stab: Sleeping          ||     2
 Armour: Robe              ||    45
  Dodge: Dodged            ||    36

Table legend: (Time is in decaauts)
 A = Elapsed time spent in this place.
 B = Non-inter-level travel time spent in this place.
 C = Inter-level travel time spent in this place.
 D = Time resting spent in this place.
 E = Time spent auto-exploring this place.
 F = Levels seen in this place.
 G = Mean time per level.
                   A        B        C        D        E       F      G
               +--------+--------+--------+--------+--------+-----+--------+
         Total |   1816 |   1800 |     16 |     75 |   1392 |   2 |  908.0 |
       Dungeon |   1816 |   1800 |     16 |     75 |   1392 |   2 |  908.0 |
               +--------+--------+--------+--------+--------+-----+--------+

Top non-repeatable levels by time:
     D:1: 1111 daAuts
     D:2: 705 daAuts
